 Dungeon Crawl Stone Soup version 0.30-a0-377-g5cb311bc9f (webtiles) character file.

Game seed: 5764623087358891094

70 Raultor the Changer (level 4, 0/28 HPs)
             Began as an Octopode Transmuter on Nov 29, 2022.
             Killed from afar by Sigmund (7 damage)
             ... with a magic dart
             ... on level 2 of the Dungeon.
             The game lasted 00:06:38 (2011 turns).

Raultor the Changer (Octopode Transmuter)           Turns: 2011, Time: 00:06:39

Health: 0/28       AC:  1    Str:  9    XL:     4   Next: 22%
Magic:  7/7        EV: 13    Int: 15    God:
Gold:   126        SH:  0    Dex: 14    Spells: 0/7 levels left

rFire   . . .      SeeInvis .      - Unarmed
rCold   . . .      Faith    .    (no shield)
rNeg    . . .      Spirit   .    (helmet currently unavailable)
rPois   .          Reflect  .    (no amulet)
rElec   .          Harm     .    (no ring)
rCorr   .          Rampage  .    (no ring)
Will    .....                    (no ring)
Stlth   ++........               (no ring)
HPRegen 0.24/turn                (no ring)
MPRegen 0.10/turn                (no ring)
                                 (no ring)
                                 (no ring)

@: appendages (expiring)
A: tentacle spike 3, almost no armour, amphibious, 8 rings, camouflage 1,
gelatinous body 1, (nimble swimmer 1), tentacles
a: End Transformation


You were on level 2 of the Dungeon.
One of your tentacles had grown a beastly spike.
You visited 1 branch of the dungeon, and saw 3 of its levels.

You collected 126 gold pieces.


Innate Abilities, Weirdness & Mutations

One of your tentacles has grown a beastly spike.
You cannot wear most types of armour.
You are amphibious.
You can wear up to eight rings at the same time.
Your skin changes colour to match your surroundings (Stealth+).
Your rubbery body absorbs attacks. (AC +1, EV +1)
((You are camouflaged when in or above water. (Stealth+)))
You have tentacles for arms and can constrict up to eight enemies at once.


   Skills:
 + Level 1.2 Fighting
 - Level 2.1 Dodging
 + Level 3.1 Unarmed Combat
 - Level 2.0 Spellcasting
 * Level 4.1 Transmutations
 * Level 0.1 Ice Magic


You couldn't memorise any spells.
You knew the following spells:

 Your Spells              Type           Power      Damage    Failure   Level
b - Beastly Appendage     Tmut           26%        N/A       4%          1
c - Ice Form              Ice/Tmut       7%         N/A       67%         4
w - Wereblood             Tmut           13%        N/A       6%          2

Your spell library contained the following spells:

 Spells                   Type           Power      Damage    Failure   Level
 Spider Form              Tmut/Pois      7%         N/A       28%         3
 Portal Projectile        Hex/Tloc       2%         N/A       54%         3
 Tukima's Dance           Hex            1%         N/A       54%         3
 Blade Hands              Tmut           6%         N/A       75%         5

Inventory:

Magical Staves
 i - a staff of earth {!a}
Scrolls
 b - 2 scrolls of identify {unknown}
 e - a scroll of enchant armour {unknown}
 g - a scroll of enchant weapon {unknown}
 h - a scroll of magic mapping {unknown}
 j - a scroll of noise {unknown}
Potions
 a - a potion of lignification
 c - a potion of curing {unknown}
 d - a potion of brilliance {unknown}
 f - a potion of berserk rage {unknown}
 k - a potion of attraction {unknown}
 l - a potion of mutation {unknown}

Dungeon Overview and Level Annotations

Branches:
Dungeon (3/15)

Altars:

Annotations:
D:2 Sigmund

#.#........#.###...#.....#.##...#
.............##⌠.8..#....# #...#
#.#..........###..8.#....#.##....
............#⌠#⚑#...#.....@.....#
..#.#......#...#∩#⌠#..##.#.###.##
....+......#.8..###..............
..#.#......#..8.⌠#...............
#.....#.....#...#...##########.#.
#...#.#.##.#.###@...##########.#.
.............##.@................
.................................
#.#....................#########.
#.#.#.>.##.#..######.### ######.
#.#.#...##.#..# #.#### #......
.........#.#..# #.##.# ######.
#.#.#...##.#..# ####.##.########.
..#.#...##.#..###.............##.


You could see Sigmund.


Message History

Casting: Beastly Appendage (safe; 4% risk of failure)
Confirm with . or Enter, or press ? or * to list all spells.
One of your tentacles grows a vicious spike.
Sigmund hits you from afar with a +0 scythe!
Sigmund misses you.
You tentacle-slap Sigmund but do no damage.
Your grab misses Sigmund.
Your tentacle spike misses Sigmund.
You tentacle-slap Sigmund. You grab Sigmund.
You pierce Sigmund.
You squeeze Sigmund.
Sigmund is moderately wounded.
You constrict Sigmund, but do no damage.
Sigmund hits you with a +0 scythe!
* * * LOW HITPOINT WARNING * * *
You tentacle-slap Sigmund but do no damage.
Sigmund is moderately wounded.
Your transformation is almost over.
You constrict Sigmund. Sigmund hits you with a +0 scythe.
* * * LOW HITPOINT WARNING * * *
You tentacle-slap Sigmund.
You pierce Sigmund.
Sigmund is heavily wounded.
You constrict Sigmund. You tentacle-slap Sigmund. You squeeze Sigmund.
Sigmund is severely wounded.
You constrict Sigmund. Sigmund closely misses you.
You tentacle-slap Sigmund.
Sigmund is almost dead.
You constrict Sigmund. Sigmund casts a spell at you. The magic dart hits you!
You die...

Skill      XL: |  1  2  3 |
---------------+----------+-----
Transmutations | 3 4 |  4.1
Fighting       | |  1.2
Dodging        | |  2.1
Unarmed Combat | |  3.1
Spellcasting   | |  2.0
Ice Magic      | |  0.1

Action                   |  1- 3 |  4- 6 || total
-------------------------+-------+-------++-------
Melee: Unarmed           |    81 |    18 ||    99
       Constrict         |    18 |     5 ||    23
       Tentacles         |    11 |     3 ||    14
       Kick              |    14 |     2 ||    16
       Punch             |     1 |       ||     1
 Cast: Beastly Appendage |    17 |     2 ||    19
       Wereblood         |     1 |       ||     1
 Stab: Sleeping          |    10 |     1 ||    11
Armor: Skin              |     5 |     1 ||     6
Dodge: Dodged            |    51 |    12 ||    63

Levels and vault maps discovered:
D:1:      heliophobic_arrival_ceremonial_halls, layout_basic, minmay_cut_off
D:2:      layout_basic, serial_shops, nicolae_diamond_shop,
          shapermc_ecumenical_altar_venn, kennysheep_generic_room_2,
          uniq_sigmund
D:3:      layout_rooms, mainiacjoe_overflow_alcove_4,
          nicolae_overflow_ecumenical_swirl, grunt_decor_clamped,
          nicolae_grassy_gnolls

Notes
Turn   | Place    | Note
-------+----------+-------------------------------------------
     0 | D:1      | Raultor the Octopode Transmuter began the quest for the
                  | Orb.
     0 | D:1      | Reached XP level 1. HP: 13/13 MP: 3/3
   102 | D:1      | Reached XP level 2. HP: 7/18 MP: 5/5
   334 | D:1      | Learned a level 2 spell: Wereblood
   417 | D:1      | Reached skill level 3 in Transmutations
   582 | D:1      | Reached XP level 3. HP: 21/23 MP: 6/6
  1075 | D:2      | HP: 2/23 [poisoned by an adder]
  1176 | D:2      | Noticed Sigmund
  1620 | D:3      | Reached skill level 4 in Transmutations
  1620 | D:3      | Reached XP level 4. HP: 23/28 MP: 5/7
  1625 | D:3      | Learned a level 4 spell: Ice Form
  1972 | D:2      | Found a faded altar of an unknown god.
  2011 | D:2      | Killed from afar by Sigmund

Vanquished Creatures
  2 adders
  2 dart slugs (D:1)
  3 ball pythons
  6 bats
  4 endoplasms
  4 goblins
  6 hobgoblins
  3 jackals (D:3)
  2 quokkas (D:1)
  3 frilled lizards
  5 kobolds
  4 rats
44 creatures vanquished.

Table legend: (Time is in decaauts)
 A = Elapsed time spent in this place.
 B = Non-inter-level travel time spent in this place.
 C = Inter-level travel time spent in this place.
 D = Time resting spent in this place.
 E = Time spent auto-exploring this place.
 F = Levels seen in this place.
 G = Mean time per level.
                   A        B        C        D        E       F      G
               +--------+--------+--------+--------+--------+-----+--------+
         Total |   2005 |   1837 |    168 |     91 |   1178 |   3 |  668.3 |
       Dungeon |   2005 |   1837 |    168 |     91 |   1178 |   3 |  668.3 |
               +--------+--------+--------+--------+--------+-----+--------+

Top non-repeatable levels by time:
     D:1: 1095 daAuts
     D:2: 778 daAuts
     D:3: 131 daAuts

Table legend:
 A = Non-vault XP
 B = Vault XP
 C = Vault XP percentage of total XP
 D = Non-vault monster count
 E = Vault monster count
 F = Vault count percentage of total count
                 A         B        C        D         E       F
            +---------+---------+-------+---------+---------+-------
      Total |      96 |       5 |   5.0 |      41 |       3 |   6.8
            +---------+---------+-------+---------+---------+-------
        D:1 |      41 |       5 |  10.9 |      21 |       3 |  12.5
        D:2 |      31 |       0 |   0.0 |      13 |       0 |   0.0
        D:3 |      24 |       0 |   0.0 |       7 |       0 |   0.0
            +---------+---------+-------+---------+---------+-------
